 Dungeon Crawl Stone Soup version 0.17-a0-1133-gfb1399f (webtiles) character file.

8182 nuthulu the Nimble (level 11, -9/100 HPs)
             Began as a Kobold Berserker on May 25, 2015.
             Was an Elder of Trog.
             Mangled by an orc knight
             ... wielding a +0 great sword
              (30 damage)
             ... on level 1 of the Orcish Mines.
             The game lasted 00:48:50 (13197 turns).

nuthulu the Nimble (Kobold Berserker)              Turns: 13197, Time: 00:48:50

Health: -9/100     AC:  6    Str: 26    XL:     11   Next: 51%
Magic:  11/11      EV: 27    Int:  5    God:    Trog [****..]
Gold:   782        SH:  0    Dex: 18    Spells: 0 memorised, 10 levels left

rFire  + . .     SeeInvis .     P - +3 scimitar (slice)
rCold  + . .     Clarity  +     b - +0 animal skin
rNeg   . . .     SustAt   .     (shield restricted)
rPois  +         Gourm    .     l - +1 helmet
rElec  .         Spirit   .     (no cloak)
rCorr  .         Warding  .     (no gloves)
rMut   .         Stasis   .     t - +1 pair of boots
MR     +....                    G - amulet of clarity
Stlth  ..........               y - ring of Womy {rPois rF+ rC+ Str+4}
                                N - ring of protection from magic

@: berserking, very quick, somewhat resistant to hostile enchantments, extremely
unstealthy
A: carnivore 3
a: Burn Spellbooks, Berserk, Trog's Hand, Brothers in Arms, Renounce Religion


You were on level 1 of the Orcish Mines.
You worshipped Trog.
Trog was greatly pleased with you.
You were full.

You visited 2 branches of the dungeon, and saw 11 of its levels.

You collected 782 gold pieces.

Inventory:

Hand weapons
 a - a +0 short sword
 d - a +4 short sword
 i - a +0 blowgun
 p - a +4 short sword
 B - a +3 falchion
 E - a +2 short sword
 P - a +3 scimitar of slicing (weapon)
Missiles
 s - 8 curare-tipped needles
 x - 32 poisoned needles
Armour
 b - a +0 animal skin (worn)
 l - a +1 helmet (worn)
 t - a +1 pair of boots (worn)
Jewellery
 e - an uncursed ring of magical power {unknown}
 k - an uncursed ring of positive energy
 v - an uncursed ring of protection from cold
 y - the ring of Womy (right hand) {rPois rF+ rC+ Str+4}
   (You found it on level 6 of the Dungeon)

   [ring of strength]

   It affects your strength (+4).
   It protects you from fire.
   It protects you from cold.
   It protects you from poison.
 G - an amulet of clarity (around neck)
 N - a ring of protection from magic (left hand)
 O - a cursed ring of teleportation {unknown}
 R - an uncursed ring of see invisible {unknown}
Magical devices
 j - a wand of magic darts (37)
 m - a wand of frost (41)
 J - a wand of confusion (34)
 Q - a wand of polymorph (7)
 T - a wand of disintegration (8)
 U - a wand of fire (7)
 W - a wand of disintegration (13)
 X - a wand of lightning (2)
Scrolls
 g - a scroll of magic mapping
 n - 4 scrolls of teleportation
 r - 4 scrolls of remove curse
 I - a scroll of fog
 S - a scroll of blinking
Potions
 f - a potion of haste
 q - 2 potions of might
 u - a potion of flight {unknown}
 w - 4 potions of brilliance {unknown}
 z - 2 potions of invisibility
 C - 2 potions of agility
 D - a potion of poison {unknown}
 F - a potion of magic {unknown}
 H - a potion of resistance {unknown}
 M - a potion of mutation {unknown}
Miscellaneous
 A - a stone of tremors
 L - an ornate deck of changes {drawn: 1}
 V - a lantern of shadows
Comestibles
 c - 5 meat rations


   Skills:
 + Level 7.3 Fighting
 - Level 7.4(9.0) Short Blades
 * Level 5.0(5.9) Long Blades
 - Level 1.5 Armour
 + Level 14.3 Dodging
 + Level 9.3 Stealth
 + Level 1.2 Evocations


You had 10 spell levels left.
You didn't know any spells.

Dungeon Overview and Level Annotations

Branches:
Dungeon (10/15)            Temple (0/1) D:5             Orc (1/4) D:10
   Lair: D:8-11

Altars:
Dithmenos
Fedhas
Kikubaaqudgha
Sif Muna

Annotations:
D:10 exclusion: 2 oklob saplings


Innate Abilities, Weirdness & Mutations

You are small and have problems with some larger weapons.
You are carnivorous and can eat meat at any time.


Message History

* * * LOW HITPOINT WARNING * * *
The orc warrior hits your black bear with a hand axe!!
Your black bear dies!
Your black bear's corpse disappears in a puff of smoke!
You closely miss the orc knight. The orc knight misses you.
You slash the orc knight!
The orc knight is lightly wounded.
You barely miss the orc knight.
The orc knight is lightly wounded.
The orc knight hits you with a great sword!
* * * LOW HITPOINT WARNING * * *
You are too berserk!
There isn't anything here!
You slice the orc knight!!
The orc knight is heavily wounded.
You slash the orc knight!
The orc knight is heavily wounded.
The orc warrior barely misses you.
The orc knight hits you with a great sword!!
You die...

.....#...#...>..))##...##
.....#...#.....)).......#
.....#...#........##...##
######.).#.......#######
######...#.#....#.##
.....'...#....##...#
######...#....)o...####
#####....goo..##.##
.....#....#@......#
....g....##...##.##
....##.o#.##.#####
....#.)#...###
..........o##
........$.## ...#.....o#
.........#. ............


You could see an orc knight, an orc warrior (frenzied), an orc (frenzied) and a
goblin.

Vanquished Creatures
  Urug (D:10)
  An orc sorcerer (Orc:1)
  An orc knight (Orc:1)
  A troll (D:10)
  A trapdoor spider zombie (D:10)
  Sigmund (D:4)
  A wyvern (D:9)
  A deep elf mage (D:10)
  A hippogriff (D:10)
  3 wandering mushrooms (D:10)
  A hungry ghost (D:10)
  A water moccasin (D:9)
  A sky beast (D:5)
  A phantom (D:8)
  4 orc warriors
  4 black bears
  7 ogres
  6 centaurs
  A gnoll sergeant (D:8)
  2 giant frogs (D:7)
  A wyvern skeleton (D:7)
  5 killer bees
  2 crimson imps
  4 wights
  2 centaur zombies
  4 giant frog skeletons
  A giant frog zombie (D:5)
  4 hounds
  A jelly (D:6)
  2 iguanas
  4 orc priests
  12 orc wizards
  2 centaur skeletons
  8 worker ants
  Natasha (twice) (D:2)
  2 worker ant zombies
  7 gnolls
  5 adders
  3 shadow imps
  2 oozes
  An adder skeleton (D:5)
  A worm (D:2)
  11 giant geckos
  57 orcs
  18 bats
  A bat skeleton (D:5)
  9 giant cockroaches
  19 goblins
  24 hobgoblins
  9 jackals
  2 ball pythons
  A giant gecko zombie (D:8)
  4 giant newts
  14 kobolds
  7 quokkas
  20 rats
311 creatures vanquished.

Vanquished Creatures (collateral kills)
  A hill giant (D:10)
  Menkaure (D:6)
  A hungry ghost (D:10)
  3 orc warriors
  A sky beast (D:10)
  2 centaurs
  7 killer bees
  9 wights
  2 orc wizards (D:6)
  A jelly (D:8)
  An orc priest (Orc:1)
  A worker ant (D:6)
  2 gnolls (D:6)
  An adder (D:7)
  A giant gecko (D:10)
  10 orcs
  A hobgoblin (Orc:1)
45 creatures vanquished.

Vanquished Creatures (others)
  A black bear (Orc:1)
  4 ogres
  A rat (D:10)
6 creatures vanquished.

Grand Total: 362 creatures vanquished

Notes
Turn   | Place    | Note
--------------------------------------------------------------
     0 | D:1      | nuthulu the Kobold Berserker began the quest for the Orb.
     0 | D:1      | Reached XP level 1. HP: 14/14 MP: 1/1
   645 | D:1      | Reached XP level 2. HP: 19/19 MP: 2/2
  1398 | D:1      | Reached XP level 3. HP: 23/23 MP: 3/3
  1672 | D:1      | Acquired Trog's second power
  2145 | D:2      | Noticed Natasha
  2168 | D:2      | Killed Natasha
  2168 | D:2      | Reached skill level 1 in Stealth
  2168 | D:2      | Reached XP level 4. HP: 26/29 MP: 4/4
  2735 | D:2      | Found a deep blue altar of Sif Muna.
  2812 | D:2      | Noticed Natasha
  2816 | D:2      | Killed Natasha
  3024 | D:3      | Reached XP level 5. HP: 28/33 MP: 5/5
  3036 | D:3      | Found a glowing drain.
  3897 | D:4      | Reached skill level 5 in Dodging
  3986 | D:4      | Noticed Sigmund
  4022 | D:4      | Killed Sigmund
  4022 | D:4      | Reached skill level 5 in Short Blades
  4022 | D:4      | Reached XP level 6. HP: 38/38 MP: 6/6
  4145 | D:4      | Found a shadowy altar of Dithmenos.
  4371 | D:4      | Noticed a centaur
  4374 | D:4      | Killed a centaur
  4374 | D:4      | Reached skill level 6 in Dodging
  4374 | D:4      | Reached XP level 7. HP: 43/43 MP: 7/7
  4384 | D:4      | Acquired Trog's third power
  4510 | D:4      | Received a gift from Trog
  5040 | D:4      | Found an ancient bone altar of Kikubaaqudgha.
  5081 | D:4      | Found a blossoming altar of Fedhas.
  5144 | D:5      | Entered Level 5 of the Dungeon
  5319 | D:5      | Reached skill level 7 in Dodging
  5319 | D:5      | Reached skill level 5 in Stealth
  5354 | D:5      | Reached XP level 8. HP: 48/48 MP: 8/8
  5439 | D:5      | Found a staircase to the Ecumenical Temple.
  5626 | D:5      | Reached skill level 8 in Dodging
  6180 | D:6      | Noticed Menkaure
  6182 | D:6      | Got a scorched lead ring
  6190 | D:6      | Killed Menkaure
  6608 | D:6      | Reached skill level 9 in Dodging
  6647 | D:6      | Identified a scroll of acquirement
  6768 | D:6      | Reached skill level 5 in Fighting
  6777 | D:6      | Reached XP level 9. HP: 25/54 MP: 9/9
  7417 | D:6      | Reached skill level 10 in Dodging
  7512 | D:6      | Reached skill level 1 in Evocations
  8614 | D:7      | Reached skill level 11 in Dodging
  9144 | D:8      | Identified the ring of Womy {rPois rF+ rC+ Str+4} (You found it on level 6 of the Dungeon)
  9228 | D:8      | Reached XP level 10. HP: 60/60 MP: 10/10
  9301 | D:8      | Reached skill level 12 in Dodging
  9304 | D:8      | Reached skill level 1 in Long Blades
 10986 | D:9      | Reached skill level 13 in Dodging
 11362 | D:10     | Entered Level 10 of the Dungeon
 11396 | D:10     | Noticed a hill giant
 11406 | D:10     | Killed a hill giant
 11692 | D:10     | Found a blossoming altar of Fedhas.
 11745 | D:10     | Reached XP level 11. HP: 61/66 MP: 11/11
 11785 | D:10     | Noticed Urug
 11804 | D:10     | Killed Urug
 11929 | D:10     | Reached skill level 14 in Dodging
 12385 | D:10     | Found a staircase to the Orcish Mines.
 12390 | Orc:1    | Entered Level 1 of the Orcish Mines
 12937 | Orc:1    | Noticed an orc knight
 12950 | Orc:1    | Killed an orc knight
 13163 | Orc:1    | Noticed an orc sorcerer
 13164 | Orc:1    | Noticed an orc knight
 13183 | Orc:1    | Killed an orc sorcerer
 13183 | Orc:1    | Reached skill level 5 in Long Blades
 13197 | Orc:1    | Mangled by an orc knight

Vault maps used:
D:1:      lemuel_arrival_funnel
D:2:      lemuel_doored_altar, uniq_natasha
D:3:      portal_sewer_entry_f
D:4:      kiku_gazebo_garden_becter, overflow_temple_1_default, first_bread,
          fedhas_altar_4, uniq_sigmund
D:5:      minmay_temple_entry_large_hall
D:6:      uniq_menkaure
D:7:      kennysheep_generic_room_10
D:9:      serial_glass, glass_columns_c, glass_columns_a
D:10:     orc_0_dummy, hangedman_tree_tricks, uniq_urug
Orc:1:    cheibrodos_orc_bank

Action                   |  1- 3 |  4- 6 |  7- 9 | 10-12 || total
-------------------------+-------+-------+-------+-------++-------
Melee: Short sword       |   103 |   141 |   404 |   109 ||   757
       Falchion          |       |       |     7 |       ||     7
       Scimitar          |       |       |       |   274 ||   274
Invok: Berserk           |     1 |     2 |     4 |     6 ||    13
       Burn Spellbooks   |       |     1 |       |     1 ||     2
       Brothers in Arms  |       |       |     6 |     6 ||    12
Evoke: Wand              |       |       |     3 |     2 ||     5
       Deck              |       |       |       |     1 ||     1
  Use: Scroll            |     5 |     5 |     8 |     4 ||    22
       Potion            |     2 |     2 |     1 |     5 ||    10
 Stab: Sleeping          |     9 |    10 |    17 |    13 ||    49
       Distracted        |       |       |       |     3 ||     3
  Eat: Chunk             |    10 |    10 |    10 |    26 ||    56
       Meat ration       |       |       |     1 |       ||     1
